 Dungeon Crawl Stone Soup version 0.30-a0-168-g0b976cbdc4 (webtiles) character file.

Game seed: 11616737414918907645

70 qw the Shield-Bearer (level 4, 0/28 HPs)
             Began as a Gargoyle Fighter on Sept 29, 2022.
             Slain by a gnoll
             ... wielding a +0 spear
              (2 damage)
             ... on level 3 of the Dungeon.
             The game lasted 00:00:39 (1660 turns).

qw the Shield-Bearer (Gargoyle Fighter)             Turns: 1660, Time: 00:00:39

Health: 0/28       AC: 15    Str: 22    XL:     4   Next: 22%
Magic:  4/4        EV:  6    Int:  8    God:
Gold:   87         SH: 12    Dex:  9    Spells: 3/3 levels left

rFire   . . .      SeeInvis .    Y - +1 war axe
rCold   . . .      Faith    .    l - +0 tower shield
rNeg    + . .      Spirit   .    b - +0 scale mail
rPois   inf        Reflect  .    (no helmet)
rElec   +          Harm     .    i - +0 cloak
rCorr   .          Rampage  .    (no gloves)
Will    .....                    (no boots)
Stlth   ..........               (no amulet)
HPRegen 0.09/turn                h - +4 ring of protection
MPRegen 0.09/turn                (no ring)

@: no status effects
A: sickness immunity, AC +3, negative energy resistance 1, electricity
resistance, torment resistance 1, petrification resistance
a: no special abilities


You were on level 3 of the Dungeon.
You visited 1 branch of the dungeon, and saw 3 of its levels.

You collected 113 gold pieces.
You spent 26 gold pieces at shops.


Innate Abilities, Weirdness & Mutations

You are immune to sickness and miasma.
Your stone body is resilient. (AC +3)
You are immune to poison.
You resist negative energy. (rN+)
You are resistant to electric shocks. (rElec)
You are resistant to unholy torment.
You are immune to petrification.


   Skills:
 - Level 3.2 Fighting
 - Level 3.0 Axes
 - Level 3.2 Armour
 + Level 4.5 Shields


You had 3 spell levels left.
You didn't know any spells.
Your spell library was empty.

Inventory:

Hand Weapons
 f - a +0 club
 Y - a +1 war axe (weapon)
Armour
 b - a +0 scale mail (worn)
 i - a +0 cloak (worn)
 l - a +0 tower shield (worn)
Jewellery
 h - a +4 ring of protection (left hand)
Scrolls
 a - 2 scrolls of identify
Potions
 c - a potion of mutation
 d - a potion of might
 e - a potion of curing
 g - a potion of cancellation {unknown}
 m - a potion of heal wounds {unknown}

Dungeon Overview and Level Annotations

Branches:
Dungeon (3/15)

Altars:
The Shining One

Shops:
D:2 *   D:3 *


Message History

You start waiting.
A gnoll is nearby!
A gnoll comes into view. It is wielding a +0 flail.
The gnoll shouts!
You hear a shout!
The gnoll hits you with a +0 spear.
A gnoll comes into view. It is wielding a +0 halberd.
You hit the gnoll but do no damage. The gnoll hits you but does no damage.
A gnoll comes into view. It is wielding a +0 spear.
You barely miss the gnoll. The gnoll hits you but does no damage.
You block the gnoll's attack.
You barely miss the gnoll. You block the gnoll's attack.
The gnoll hits you but does no damage. The gnoll hits you with a +0 flail!
You block the gnoll's attack.
You slash the gnoll!
You kill the gnoll!
You hit the gnoll. You block the gnoll's attack. x2
Your Shields skill increases to level 4!
You slash the gnoll!
You kill the gnoll!
You block the gnoll's attack. The gnoll hits you but does no damage.
You have reached level 4!
You feel stronger. You block the gnoll's attack.
The gnoll hits you but does no damage.
You see here a +0 flail.
You completely miss the gnoll. You block the gnoll's attack.
The gnoll hits you with a +0 halberd. You block the gnoll's attack.
The gnoll hits you from afar with a +0 spear.
You slash the gnoll!
The gnoll is severely wounded.
You block the gnoll's attack. The gnoll hits you with a +0 halberd!
You hit the gnoll but do no damage.
The gnoll is severely wounded.
You block the gnoll's attack. x2; The gnoll hits you but does no damage. x2
You hit the gnoll.
You kill the gnoll!
You block the gnoll's attack. x2
The gnoll hits you with a +0 spear.
You die...

#.#####.###.#
............#
..##.##.##..#
# #.##..#
#.....#
#.###.#
#.##.# #.#
#...g##.#
#....@))#
#....####
#.##.# ...
.## #


You could see a gnoll.

Vanquished Creatures
  3 gnolls (D:3)
  2 worms (D:2)
  3 ball pythons
  5 bats
  2 endoplasms
  2 giant cockroaches
  4 goblins
  7 hobgoblins
  A quokka (D:2)
  A kobold (D:1)
  4 rats (D:1)
34 creatures vanquished.

Notes
Turn   | Place    | Note
-------+----------+-------------------------------------------
     0 | D:1      | qw the Gargoyle Fighter began the quest for the Orb.
     0 | D:1      | Reached XP level 1. HP: 14/14 MP: 1/1
     0 | D:1      | 0 ||| qw: Version: 0.2-a-12-gaebbb33
     0 | D:1      | 0 ||| qw: Game counter: 1131
     0 | D:1      | 0 ||| qw: Always use a shield: true
     0 | D:1      | 0 ||| qw: God list: Okawaru
     0 | D:1      | 0 ||| qw: Allow faded altars: false
     0 | D:1      | 0 ||| qw: Do Orc after D:15 true
     0 | D:1      | 0 ||| qw: Do second Lair branch before Depths: true
     0 | D:1      | 0 ||| qw: Lair rune preference: random
     0 | D:1      | 0 ||| qw: Plans: Normal, Zot:1-4, God:TSO, Crypt, Tomb,
                  | Pan, Slime:5, Hells, Abyss, Orb
     0 | D:1      | 0 ||| PLANNING D:1-11
   164 | D:1      | Reached XP level 2. HP: 10/19 MP: 2/2
   306 | D:1      | 306 ||| Stepping ~*~*~tactically~*~*~ (stealth).
   709 | D:1      | 709 ||| Stepping ~*~*~tactically~*~*~ (stealth).
   891 | D:1      | Reached skill level 3 in Axes
   973 | D:1      | 973 ||| UPGRADING to +0 cloak.
   978 | D:1      | 978 ||| DROPPING orb of guile.
   979 | D:1      | 979 ||| UPGRADING to +0 tower shield.
   989 | D:1      | 989 ||| DROPPING +0 buckler.
   990 | D:1      | 990 ||| DROPPING amulet of faith.
   991 | D:1      | 991 ||| READING scroll labelled FATOKOCSYSK.
   992 | D:1      | 992 ||| READING scroll labelled EVOGEN TU VIX.
   997 | D:1      | 997 ||| READING scroll labelled IXUXKOYVOBEU.
   998 | D:1      | 998 ||| DRINKING 3 smoky golden potions.
   999 | D:1      | 999 ||| DROPPING 2 potions of brilliance.
  1003 | D:2      | Found a faded altar of an unknown god.
  1016 | D:2      | Reached XP level 3. HP: 23/23 MP: 3/3
  1248 | D:2      | Found a glowing golden altar of the Shining One.
  1289 | D:2      | Found Fisoxt's General Store.
  1362 | D:2      | 1362 ||| SHOPLISTING +4 ring of protection (504 gold, have
                  | 103).
  1532 | D:2      | 1532 ||| UPGRADING to +4 ring of protection.
  1533 | D:2      | 1533 ||| READING scroll labelled VOKHLU EXZEPE.
  1534 | D:2      | 1534 ||| READING scroll labelled LUM ODGHESEOG.
  1535 | D:2      | 1535 ||| READING scroll labelled TOADAQEULA.
  1536 | D:2      | 1536 ||| DRINKING 2 ruby potions.
  1537 | D:2      | 1537 ||| READING 2 scrolls of identify.
  1537 | D:2      | 1537 ||| IDENTIFYING bubbling emerald potion
  1614 | D:3      | Found Peaprus's General Store.
  1621 | D:3      | 1621 ||| SHOPLISTING ring of protection from fire (325
                  | gold, have 113).
  1621 | D:3      | 1621 ||| BUYING scroll of identify (26 gold).
  1621 | D:3      | Bought a scroll of identify for 26 gold pieces
  1643 | D:3      | 1643 ||| Stepping ~*~*~tactically~*~*~ (stealth).
  1645 | D:3      | 1645 ||| Stepping ~*~*~tactically~*~*~ (hiding).
  1654 | D:3      | Reached skill level 4 in Shields
  1655 | D:3      | Reached XP level 4. HP: 15/28 MP: 4/4
  1657 | D:3      | HP: 1/28 [gnoll/+0 halberd (11)]
  1660 | D:3      | Slain by a gnoll

Levels and vault maps discovered:
D:1:      roderic_chinese_lattice_arrival, layout_loops_cross
D:2:      layout_rooms, serial_shops, shop, basic_altar,
          ebering_ecumenical_altar_sacrificial
D:3:      layout_loops_ring, serial_shops, shop

Skill      XL: |  1  2  3 |
---------------+----------+-----
Axes           | 2 3 |  3.0
Shields        | 4 |  4.5
Fighting       | |  3.2
Armour         | |  3.2

Action                   |  1- 3 |  4- 6 || total
-------------------------+-------+-------++-------
Melee: War axe           |   100 |     4 ||   104
  Use: Scroll            |     7 |       ||     7
       Potion            |     2 |       ||     2
Armor: Scale mail        |    53 |     3 ||    56
Dodge: Dodged            |    25 |       ||    25
Block: Buckler           |    12 |       ||    12
       Tower shield      |    22 |     8 ||    30

Table legend:
 A = Non-vault XP
 B = Vault XP
 C = Vault XP percentage of total XP
 D = Non-vault monster count
 E = Vault monster count
 F = Vault count percentage of total count
                 A         B        C        D         E       F
            +---------+---------+-------+---------+---------+-------
      Total |     101 |       0 |   0.0 |      34 |       0 |   0.0
            +---------+---------+-------+---------+---------+-------
        D:1 |      30 |       0 |   0.0 |      19 |       0 |   0.0
        D:2 |      27 |       0 |   0.0 |      11 |       0 |   0.0
        D:3 |      44 |       0 |   0.0 |       4 |       0 |   0.0
            +---------+---------+-------+---------+---------+-------
